 Dungeon Crawl Stone Soup version 0.30-a0-779-g7971cf19c3 (webtiles) character file.

Game seed: 14488048046377401835

3432 Anon1729 the Nimble (level 10, -2/83 HPs)
             Began as a Merfolk Monk on Feb 17, 2023.
             Was a Believer of Ashenzari.
             Slain by an orc warlord
             ... wielding a +7 battleaxe
              (31 damage)
             ... in a bailey.
             The game lasted 00:20:24 (7542 turns).

Anon1729 the Nimble (Merfolk Monk)                  Turns: 7542, Time: 00:20:25

Health: -2/83      AC: 10    Str: 10    XL:     10   Next: 5%
Magic:  9/9        EV: 18    Int: 14    God:    Ashenzari [**....]
Gold:   323        SH:  0    Dex: 16    Spells: 9/9 levels left

rFire   + . .      SeeInvis +      - Unarmed
rCold   . . .      Faith    .    (no shield)
rNeg    . . .      Spirit   .    s - +0 troll leather armour {Pargi}
rPois   .          Reflect  .    m - +0 helmet "Revealing Sybil" {Self, Cun} (curse)
rElec   .          Harm     .    (no cloak)
rCorr   .          Rampage  .    (no gloves)
Will    .....                    l - +0 pair of boots "Per Aspera Ad Scientiam" {Range, Alch} (curse)
Stlth   ++++                     w - amulet of regeneration
HPRegen 1.93/turn                g - ring "Cryptic Unpleasantness" {AC+4, Alch, Cun} (curse)
MPRegen 0.11/turn                (no ring)

@: no status effects
A: (nimble swimmer 2), mertail, fire resistance 1, low MP 1, weak 1
a: Renounce Religion, Curse Item, Shatter the Chains


You were in a bailey.
You worshipped Ashenzari.
Ashenzari was pleased with you.
You visited 2 branches of the dungeon, and saw 8 of its levels.
You also visited: Sewer and Bailey.

You collected 323 gold pieces.

Inventory:

Hand Weapons
 e - a +2 spear of pain
Missiles
 D - 7 boomerangs (quivered)
Armour
 l - the cursed +0 pair of boots "Per Aspera Ad Scientiam" (worn) {Range, Alch}
   (You found it on level 2 of the Dungeon)

   It has a curse which improves the following skills: Ranged Combat: Ranged
   Weapons and Throwing.
   Alchemy:   Poison Magic and Transmutations.
 m - the cursed +0 helmet "Revealing Sybil" (worn) {Self, Cun}
   (You found it on level 2 of the Dungeon)

   It has a curse which improves the following skills: Introspection: Fighting
   and Spellcasting.
   Cunning:   Dodging and Stealth.
 o - an orb of mayhem
 s - a +0 troll leather armour (worn) {Pargi}
Magical Staves
 h - a staff of death
Jewellery
 g - the cursed ring "Cryptic Unpleasantness" (left hand) {AC+4, Alch, Cun}
   (You took it off an orc on level 3 of the Dungeon)

   [ring of protection]

   AC:        It affects your AC (+4).
   It has a curse which improves the following skills: Alchemy: Poison Magic and
   Transmutations.
   Cunning:   Dodging and Stealth.
 w - an amulet of regeneration (around neck)
 y - an amulet of the acrobat
 A - a ring of positive energy
Wands
 a - a wand of flame (42)
 k - a wand of digging (7)
Scrolls
 c - 2 scrolls of enchant weapon
 i - a scroll of noise
 p - 2 scrolls of magic mapping
 u - 2 scrolls of vulnerability
 x - 2 scrolls of amnesia
 C - a scroll of silence
Potions
 d - 3 potions of heal wounds
 f - 2 potions of haste
 j - 2 potions of cancellation
 q - 4 potions of curing
 r - a potion of might
 t - a potion of brilliance
 z - a potion of invisibility


   Skills:
 + Level 8.3(9.5) Fighting
 + Level 10.0(11.9) Dodging
 + Level 8.6(10.6) Stealth
 + Level 8.4 Unarmed Combat


You had 9 spell levels left.
You didn't know any spells.
Your spell library contained the following spells:

 Spells                   Type           Power      Damage    Failure   Level
 Cigotuvi's Dreadful Rot  Necr/Pois/Air  0%         N/A       50%         2
 Dispel Undead            Necr           0%         3d6       98%         4
 Death Channel            Necr           0%         N/A       100%        6


Dungeon Overview and Level Annotations

Branches:
Dungeon (7/15)             Temple (1/1) D:4           Sewer (visited)
 Bailey (1/1)

Altars:
Ashenzari
Cheibriados
Dithmenos
Elyvilon
Fedhas
Hepliaklqana
Kikubaaqudgha
Nemelex Xobeh
Ru
Sif Muna
Trog
Uskayaw
Wu Jian
Xom
Zin
The Shining One


Innate Abilities, Weirdness & Mutations

((You are very nimble when in or above water. (Stealth+, EV+, Speed+++)))
Your lower body shifts to a powerful aquatic tail in water.
Your flesh is heat resistant. (rF+)
Your magical capacity is low. (-10% MP)
You are weak. (Str -2)


Message History

You hit the orc warlord but do no damage.
The orc warlord is moderately wounded.
The orc warlord struggles against the net.
The net rips apart, and the orc warlord comes free!
You hit the orc warlord.
The orc warlord is moderately wounded.
The orc warlord hits you with a +7 battleaxe!
You completely miss the orc warlord.
The orc warlord is moderately wounded.
The orc warlord barely misses you.
The goblin shouts!
You hit the orc warlord but do no damage.
Your punch misses the orc warlord.
The orc warlord is moderately wounded.
The orc warlord completely misses you.
You hit the orc warlord but do no damage.
The orc warlord is moderately wounded.
You punch the orc warlord!
The orc warlord is moderately wounded.
The orc warlord misses you.
You punch the orc warlord!
The orc warlord is heavily wounded.
The orc warrior completely misses you.
The orc warlord hits you with a +7 battleaxe!!
You barely miss the orc warlord.
The orc warlord is heavily wounded.
The orc warrior barely misses you.
The orc warlord hits you but does no damage.
You hit the orc warlord.
The orc warlord is heavily wounded.
The orc warrior barely misses you.
The orc warlord hits you with a +7 battleaxe!!
You are too injured to fight recklessly!
You are too injured to fight recklessly!
You are too injured to fight recklessly!
Okay, then.
Unknown command.
The orc warlord attacks as you move away!
The orc warlord hits you with a +7 battleaxe!!
You die...

#.......'÷......)['[ogg...#
##.....##[.......)##.....##
#######...).⌠.....#######
##.........## #.........#
##.......## #..)....#
##.oog.## ♣##'@'##♣♣
♣♣..).....♣ ♣♣........♣♣
♣.....∩....♣♣ ♣♣..........♣
♣.....∩.....♣ ♣♣..........♣
♣.♣.....♣♣♣♣ ♣♣♣..♣.♣♣


You could see an orc warlord, an orc warrior (strong) and a goblin.

Vanquished Creatures
  An orc knight (Bailey)
  4 black bears
  6 orc warriors
  Pargi (Sewer)
  4 ice beasts
  A sky beast (D:6)
  An ogre (D:5)
  A kobold brigand (D:6)
  A scorpion (D:5)
  2 necrophages (D:5)
  4 wights (D:6)
  A howler monkey (D:6)
  4 hounds (D:5)
  5 orc priests
  2 jellies
  6 iguanas
  2 orc wizards
  11 gnolls
  11 adders
  2 river rats (D:4)
  3 white imps
  3 ufetubi
  4 worms
  5 dart slugs
  19 orcs
  11 ball pythons
  4 endoplasms
  3 giant cockroaches
  16 goblins
  16 hobgoblins
  12 jackals
  12 kobolds
  3 quokkas
  6 bats
  3 frilled lizards
  15 rats
205 creatures vanquished.

Vanquished Creatures (others)
  3 fungi (D:4)
3 creatures vanquished.

Grand Total: 208 creatures vanquished

Notes
Turn   | Place    | Note
-------+----------+-------------------------------------------
     0 | D:1      | Anon1729 the Merfolk Monk began the quest for the Orb.
     0 | D:1      | Reached XP level 1. HP: 18/18 MP: 1/1
   135 | D:1      | Reached XP level 2. HP: 24/24 MP: 2/2
   659 | D:1      | Reached XP level 3. HP: 21/29 MP: 3/3
  1316 | D:2      | Reached XP level 4. HP: 37/37 MP: 4/4
  2131 | D:3      | Reached skill level 5 in Dodging
  2131 | D:3      | Reached XP level 5. HP: 22/42 MP: 5/5
  2161 | D:3      | Gained mutation: You are weak. (Str -2) [potion of
                  | mutation]
  2161 | D:3      | Gained mutation: Your magical capacity is low. (-10% MP)
                  | [potion of mutation]
  2161 | D:3      | Gained mutation: Your flesh is heat resistant. (rF+)
                  | [potion of mutation]
  2747 | D:3      | Reached XP level 6. HP: 17/49 MP: 5/5
  3249 | D:4      | Found a bloodstained altar of Trog.
  3251 | D:4      | Found a snail-covered altar of Cheibriados.
  3251 | D:4      | Found a shimmering altar of Xom.
  3253 | D:4      | Found an ancient bone altar of Kikubaaqudgha.
  3253 | D:4      | Found a white marble altar of Elyvilon.
  3253 | D:4      | Found a shadowy altar of Dithmenos.
  3525 | D:4      | Found a glowing drain.
  3533 | Sewer    | Entered a sewer
  3588 | Sewer    | Noticed Pargi
  3697 | Sewer    | Killed Pargi
  3698 | Sewer    | Reached skill level 6 in Dodging
  3999 | D:4      | Found an ornate altar of the Wu Jian Council.
  4080 | D:4      | Noticed a black bear
  4132 | D:4      | Found a staircase to the Ecumenical Temple.
  4137 | D:4      | Reached skill level 5 in Unarmed Combat
  4147 | Temple   | Entered the Ecumenical Temple
  4198 | Temple   | Became a worshipper of Ashenzari the Shackled
  4269 | D:4      | Found a sparkling altar of Nemelex Xobeh.
  4288 | D:4      | Killed a black bear
  4289 | D:4      | Reached skill level 5 in Fighting
  4289 | D:4      | Reached XP level 7. HP: 16/56 MP: 6/6
  4414 | D:4      | Found a hazy altar of Hepliaklqana.
  4561 | D:4      | Reached skill level 5 in Stealth
  5002 | D:5      | Entered Level 5 of the Dungeon
  5059 | D:5      | Found a sacrificial altar of Ru.
  5249 | D:5      | Identified the +0 ring mail of Matam {Int+5 Slay-4}
  5300 | D:5      | Reached skill level 7 in Dodging
  5300 | D:5      | Reached XP level 8. HP: 61/64 MP: 7/7
  5364 | D:5      | Reached * piety under Ashenzari
  6071 | D:6      | Reached skill level 8 in Dodging
  6143 | D:6      | Reached XP level 9. HP: 45/73 MP: 8/8
  6337 | D:6      | Found a shadowy altar of Dithmenos.
  6344 | D:6      | Identified the cursed +0 pair of boots "Per Aspera Ad
                  | Scientiam" {Range, Alch} (You found it on level 2 of the
                  | Dungeon)
  6455 | D:6      | Reached skill level 9 in Dodging
  6513 | D:6      | Reached ** piety under Ashenzari
  6925 | D:7      | Found a flagged portal.
  7023 | Bailey   | Entered a bailey
  7114 | Bailey   | Noticed an orc knight
  7145 | Bailey   | Killed an orc knight
  7211 | Bailey   | Reached XP level 10. HP: 37/83 MP: 9/9
  7245 | Bailey   | Noticed an orc warlord
  7520 | Bailey   | Reached skill level 10 in Dodging
  7542 | Bailey   | Slain by an orc warlord

Illustrated notes

Levels and vault maps discovered:
D:1:      sevenhm_arrival_forest_fort_large_4, layout_loops_corners,
          minmay_rat_gold_closets
D:2:      layout_loops_ring
D:3:      layout_loops_corners, minmay_parallelograms
D:4:      layout_basic, doesnt_xom_only_xom, nemelex_spade_bored_becter,
          nicolae_wu_jian_wuxing_cycle, mainiacjoe_overflow_boulevard,
          minmay_temple_entry_fiery, lightli_sewer_entry_pipes
D:5:      kennysheep_six_static_rooms, layout_loops_ring,
          mainiacjoe_overflow_chevrons
D:6:      layout_basic, mainiacjoe_overflow_catwalk, kennysheep_generic_room_13
D:7:      layout_gridville, mainiacjoe_overflow_tiny_flanked,
          overflow_temple_1_default, enter_bailey_5
Temple:   hellmonk_temple_of_storms
Bailey:   bailey_axe_minmay_hex_keep, bailey

Skill      XL: |  1  2  3  4  5  6  7  8  9 10 |
---------------+-------------------------------+-----
Stealth        | 3 4 5 7 8 |  8.6
Unarmed Combat | 4 5 6 8 |  8.4
Fighting       | 4 5 6 8 |  8.3
Dodging        | 5 6 7 8 9 10 | 10.0

Action                     |  1- 3 |  4- 6 |  7- 9 | 10-12 || total
---------------------------+-------+-------+-------+-------++-------
  Melee: Unarmed           |    27 |   210 |   579 |    58 ||   874
         Spear             |    88 |    87 |       |       ||   175
         Punch             |     4 |    13 |    31 |     2 ||    50
         Tailslap          |       |    16 |    21 |       ||    37
  Throw: Boomerang         |       |       |     2 |     3 ||     5
         Throwing net      |       |       |       |     1 ||     1
 Invoke: Curse Item        |       |     1 |     2 |       ||     3
  Evoke: Wand              |       |       |     6 |       ||     6
    Use: Potion            |       |     7 |       |     2 ||     9
         Scroll            |       |     2 |     1 |     3 ||     6
   Stab: Sleeping          |    11 |    10 |    12 |       ||    33
 Armour: Robe              |    10 |    57 |       |       ||    67
         Troll leather arm |       |    17 |   164 |    26 ||   207
  Dodge: Dodged            |    59 |   228 |   477 |   154 ||   918

Table legend: (Time is in decaauts)
 A = Elapsed time spent in this place.
 B = Non-inter-level travel time spent in this place.
 C = Inter-level travel time spent in this place.
 D = Time resting spent in this place.
 E = Time spent auto-exploring this place.
 F = Levels seen in this place.
 G = Mean time per level.
                   A        B        C        D        E       F      G
               +--------+--------+--------+--------+--------+-----+--------+
         Total |   7378 |   7137 |    241 |    518 |   4309 |  10 |  737.8 |
       Dungeon |   6534 |   6302 |    232 |    365 |   4191 |   7 |  933.4 |
        Temple |     60 |     51 |      9 |      0 |     22 |   1 |   60.0 |
         Sewer |    284 |    284 |      0 |    107 |     58 |   1 |  284.0 |
        Bailey |    499 |    499 |      0 |     46 |     38 |   1 |  499.0 |
               +--------+--------+--------+--------+--------+-----+--------+

Top non-repeatable levels by time:
     D:4: 1393 daAuts
     D:3: 1158 daAuts
     D:1: 1111 daAuts
     D:5: 1026 daAuts
     D:2: 909 daAuts
     D:6: 786 daAuts
  Bailey: 499 daAuts
   Sewer: 284 daAuts
     D:7: 147 daAuts
  Temple: 60 daAuts
